 Dungeon Crawl Stone Soup version 0.30-a0-937-ga0a21ad780 (webtiles) character file.

Game seed: 7336905521180203239

260 jimonade the Chopper (level 6, 0/52 HPs)
             Began as a Hill Orc Fighter on Mar 25, 2023.
             Slain by a water moccasin (2 damage)
             ... on level 5 of the Dungeon.
             The game lasted 00:04:20 (2774 turns).

jimonade the Chopper (Hill Orc Fighter)             Turns: 2774, Time: 00:04:20

Health: 0/52       AC: 13    Str: 19    XL:     6   Next: 17%
Magic:  9/9        EV:  5    Int: 10    God:
Gold:   246        SH:  4    Dex: 10    Spells: 5/5 levels left

rFire   . . .      SeeInvis .    a - +0 war axe
rCold   . . .      Faith    .    c - +0 buckler
rNeg    . . .      Spirit   .    p - +0 plate armour
rPois   .          Reflect  .    u - +0 helmet
rElec   .          Rampage  .    (no cloak)
rCorr   .                        (no gloves)
Will    .....                    (no boots) Stlth
                                 (no amulet)
HPRegen 0.28/turn                (no ring)
MPRegen 0.11/turn                (no ring)

@: lethally poisoned (0 -> -2)
A: no striking features
a: no special abilities


You were on level 5 of the Dungeon.
You visited 1 branch of the dungeon, and saw 5 of its levels.

You collected 246 gold pieces.

Inventory:

Hand Weapons
 a - a +0 war axe (weapon)
 v - a +3 dagger
Armour
 b - a +0 scale mail
 c - a +0 buckler (worn)
 n - a +0 ring mail
 p - a +0 plate armour (worn)
 s - a +0 chain mail
 u - a +0 helmet (worn)
Jewellery
 x - a ring of protection from fire
 A - a ring of willpower
Wands
 o - a wand of polymorph (8)
 y - a wand of charming (2)
Scrolls
 f - 2 scrolls of fear {unknown}
 g - 2 scrolls of poison {unknown}
 j - 2 scrolls of noise {unknown}
 l - a scroll of fog {unknown}
 m - 2 scrolls of teleportation {unknown}
 r - 2 scrolls of magic mapping {unknown}
 z - a scroll of enchant weapon {unknown}
Potions
 d - a potion of might
 e - a potion of resistance {unknown}
 h - 3 potions of curing
 i - 2 potions of flight
 k - a potion of berserk rage {unknown}
 q - a potion of magic {unknown}
 t - a potion of brilliance
 w - a potion of haste


   Skills:
 + Level 3.9 Fighting
 + Level 5.5 Axes
 + Level 4.2 Armour
 + Level 0.4 Dodging
 + Level 3.7 Shields
 * Level 4.0 Invocations


You had 5 spell levels left.
You didn't know any spells.
Your spell library contained the following spells:

 Spells                   Type           Power      Damage    Failure   Level
 Ensorcelled Hibernation  Hex/Ice        0%         N/A       100%        2
 Passwall                 Tmut/Erth      0%         N/A       100%        2
 Sublimation of Blood     Necr           0%         N/A       100%        2
 Wereblood                Tmut           0%         N/A       100%        2
 Spider Form              Tmut/Pois      0%         N/A       100%        3
 Swiftness                Air            0%         N/A       100%        3
 Anguish                  Hex/Necr       0%         N/A       100%        4
 Summon Hydra             Summ           0%         N/A       100%        7


Dungeon Overview and Level Annotations

Branches:
Dungeon (5/15)
 Temple: D:4-7

Altars:
Cheibriados
Dithmenos
Elyvilon
Wu Jian
Yredelemnul

Annotations:
D:2 1 runed translucent door, Crazy Yiuf, Sigmund
D:3 2 runed translucent doors


Message History

You block the water moccasin's attack.
You barely miss the water moccasin.
The water moccasin is heavily wounded.
You feel sick. The water moccasin barely misses you.
You barely miss the water moccasin.
The water moccasin is heavily wounded.
You feel sick. The water moccasin bites you.
You are more poisoned.
The water moccasin poisons you! You block the water moccasin's attack.
You closely miss the water moccasin.
The water moccasin is heavily wounded.
You feel very sick. The water moccasin bites you! The water moccasin bites you.
You closely miss the water moccasin.
The water moccasin is heavily wounded.
You feel very sick. The water moccasin barely misses you.
You miss the water moccasin.
The water moccasin is heavily wounded.
You feel very sick. You block the water moccasin's attack.
The water moccasin bites you.
* * * LOW HITPOINT WARNING * * *
You closely miss the water moccasin.
The water moccasin is heavily wounded.
You feel sick.
The water moccasin bites you but does no damage. x2
You slash the water moccasin!
The water moccasin is severely wounded.
You feel sick. You block the water moccasin's attack.
You hit the water moccasin but do no damage.
The water moccasin is severely wounded.
You feel sick.
The water moccasin bites you but does no damage.
The water moccasin bites you.
* * * LOW HITPOINT WARNING * * *
You barely miss the water moccasin.
The water moccasin is severely wounded.
* * * LOW HITPOINT WARNING * * *
You feel sick. The water moccasin bites you.
You die...

##.... ...S. ....
# ...##.# ...#.#
....# #
#####.#.#.### #.#
#.@S........#
#...#.##.#..#.#.#
#..<†.....#
#....†..#.#..
...........#.#.##
##....####.... .
#.##. #.#.#[ .
... #. #.#(###..
.. #. .


You could see a water moccasin.

Vanquished Creatures
  3 hounds
  A jelly (D:4)
  Robin (D:3)
  2 adders
  A white imp (D:3)
  A worm (D:3)
  3 dart slugs
  4 orcs (D:3)
  5 endoplasms
  7 giant cockroaches
  11 goblins
  7 hobgoblins
  A jackal (D:1)
  11 kobolds
  6 quokkas
  8 ball pythons
  3 bats
  4 frilled lizards (D:1)
  6 rats
85 creatures vanquished.

Notes
Turn   | Place    | Note
-------+----------+-------------------------------------------
     0 | D:1      | jimonade the Hill Orc Fighter began the quest for the Orb.
     0 | D:1      | Reached XP level 1. HP: 19/19 MP: 1/1
   113 | D:1      | Reached skill level 1 in Invocations
   115 | D:1      | Found a large runed translucent door.
   115 | D:1      | Found a large runed translucent door.
   122 | D:1      | Reached skill level 3 in Axes
   122 | D:1      | Reached XP level 2. HP: 19/26 MP: 2/2
   432 | D:1      | Reached XP level 3. HP: 26/31 MP: 3/3
   973 | D:2      | Reached XP level 4. HP: 38/39 MP: 5/5
  1080 | D:2      | Reached skill level 4 in Axes
  1309 | D:2      | Found a runed translucent door.
  1310 | D:2      | Noticed Crazy Yiuf
  1430 | D:2      | Found a faded altar of an unknown god.
  1431 | D:2      | Noticed Sigmund
  1447 | D:3      | Found a basalt altar of Yredelemnul.
  1482 | D:3      | Found a snail-covered altar of Cheibriados.
  1483 | D:3      | Found a white marble altar of Elyvilon.
  1499 | D:3      | Found an ornate altar of the Wu Jian Council.
  1655 | D:3      | Found a large runed translucent door.
  1655 | D:3      | Found a large runed translucent door.
  1875 | D:3      | Noticed Robin
  1935 | D:3      | Killed Robin
  1936 | D:3      | Reached XP level 5. HP: 38/46 MP: 7/7
  2324 | D:4      | Found a shadowy altar of Dithmenos.
  2382 | D:4      | Reached skill level 5 in Axes
  2725 | D:5      | Entered Level 5 of the Dungeon
  2733 | D:5      | Reached XP level 6. HP: 47/52 MP: 7/9
  2756 | D:5      | Noticed a water moccasin
  2774 | D:5      | HP: 2/52 [poisoned by a water moccasin]
  2774 | D:5      | Slain by a water moccasin

Illustrated notes

Levels and vault maps discovered:
D:1:      erik_arrival_cave_to_civilisation [erik_arrival_cave_to_temple],
          layout_basic
D:2:      layout_basic, hellmonk_ecumenical_altar_lost_god, grunt_ministairs_13,
          minmay_pentomino_z2, uniq_terence, uniq_crazy_yiuf_cottage,
          uniq_sigmund
D:3:      layout_basic, grunt_temple_overflow_open, jmf_multi_god_temple2,
          uniq_robin
D:4:      layout_cave_pools, lemuel_tele_altar
D:5:      layout_basic, lemuel_round_altar, lemuel_round_altar,
          minmay_temple_entry_nine_rooms, gammafunk_ghost_split,
          chequers_serial_rivers_micro_e, minmay_pentangle, uniq_duvessa,
          uniq_pikel

Skill      XL: |  1  2  3  4  5 |
---------------+----------------+-----
Invocations    | 1 2 3 4 |  4.0
Axes           | 3 4 5 |  5.5
Armour         | 4 |  4.2
Fighting       | |  3.9
Dodging        | |  0.4
Shields        | |  3.7

Action                     |  1- 3 |  4- 6 || total
---------------------------+-------+-------++-------
  Melee: War axe           |    99 |   132 ||   231
    Use: Scroll            |       |     3 ||     3
 Armour: Scale mail        |    50 |       ||    50
         Plate armour      |       |    92 ||    92
  Dodge: Dodged            |    46 |    42 ||    88
  Block: Buckler           |    22 |    31 ||    53

Table legend: (Time is in decaauts)
 A = Elapsed time spent in this place.
 B = Non-inter-level travel time spent in this place.
 C = Inter-level travel time spent in this place.
 D = Time resting spent in this place.
 E = Time spent auto-exploring this place.
 F = Levels seen in this place.
 G = Mean time per level.
                   A        B        C        D        E       F      G
               +--------+--------+--------+--------+--------+-----+--------+
         Total |   2849 |   2714 |    135 |     79 |   1984 |   5 |  569.8 |
       Dungeon |   2849 |   2714 |    135 |     79 |   1984 |   5 |  569.8 |
               +--------+--------+--------+--------+--------+-----+--------+

Top non-repeatable levels by time:
     D:1: 999 daAuts
     D:3: 786 daAuts
     D:4: 517 daAuts
     D:2: 494 daAuts
     D:5: 53 daAuts
